 Dungeon Crawl Stone Soup version 0.28-a0-577-gb193047a1f (webtiles) character file.

Game seed: 11611798508376760970

2832 iamoutofideas the Severer (level 9, -5/71 (74) HPs)
             Began as a Hill Orc Berserker on Oct 2, 2021.
             Was a Priest of Trog.
             Slain by a wight (16 damage)
             ... on level 8 of the Dungeon.
             The game lasted 00:08:16 (8048 turns).

iamoutofideas the Severer (Hill Orc Berserker)      Turns: 8048, Time: 00:08:16

HP:   -5/71 (74)    AC:  8    Str: 23    XL:     9   Next: 73%
MP:   9/9           EV: 12    Int:  7    God:    Trog [***...]
Gold: 355           SH:  5    Dex:  6    Spells: 8/8 levels left

rFire   . . .      SeeInvis .   a - +0 hand axe
rCold   . . .      Faith    .   (no shield)
rNeg    . . .      Spirit   .   q - +0 steam dragon scales
rPois   .          Reflect  +   (no helmet)
rElec   .          Harm     +   h - +0 cloak
rCorr   .          Rampage  +   l - +0 pair of gloves of the Shrike {Harm Rampage Dex-4 Slay+5}
Will    +++..                   (no boots)
Stlth   +.........              C - amulet of reflection
HPRegen 1.21/turn               t - ring of willpower
MPRegen 0.11/turn               (no ring)

@: strong-willed, on berserk cooldown, regenerating, slowed, lightly drained,
very slow
A: no striking features
a: Renounce Religion, Berserk, Trog's Hand


You were on level 8 of the Dungeon.
You worshipped Trog.
Trog was most pleased with you.
You visited 2 branches of the dungeon, and saw 9 of its levels.

You collected 355 gold pieces.

Inventory:

Hand Weapons
 a - a +0 hand axe (weapon)
 f - a +1 scimitar of distortion
Missiles
 i - 4 boomerangs of dispersal (quivered)
Armour
 b - a +0 animal skin
 h - a +0 cloak (worn)
 l - the +0 pair of gloves of the Shrike (worn) {Harm Rampage Dex-4 Slay+5}
   (You acquired it on level 7 of the Dungeon)

   Dex:       It affects your dexterity (-4).
   Slay:      It affects your accuracy & damage with ranged weapons and melee
   (+5).
   Harm:      It increases damage dealt and taken.
   Rampage:   It bestows one free step when moving towards enemies.
 n - a +0 ring mail
 q - +0 steam dragon scales (worn)
 z - a +0 scale mail
Jewellery
 t - a ring of willpower (left hand)
 C - an amulet of reflection (around neck)
Wands
 r - a wand of flame (12)
 y - a wand of iceblast (11)
Scrolls
 e - 4 scrolls of teleportation
 g - a scroll of amnesia
 k - 2 scrolls of blinking
 o - 3 scrolls of identify
 p - a scroll of enchant armour
 s - 2 scrolls of immolation
 u - 3 scrolls of enchant weapon
 v - a scroll of silence
 x - a scroll of vulnerability
 B - a scroll of summoning
Potions
 c - 2 potions of brilliance
 d - 3 potions of lignification
 j - a potion of resistance
 m - 2 potions of might
 A - a potion of magic


   Skills:
 + Level 5.2 Fighting
 + Level 15.7 Axes
 + Level 4.1 Armour
 + Level 2.7 Dodging


You had 8 spell levels left.
You didn't know any spells.
Your spell library was empty.

Dungeon Overview and Level Annotations

Branches:
Dungeon (8/15)             Temple (1/1) D:4
   Lair: D:8-11

Altars:
Cheibriados
Dithmenos
Fedhas
Gozag
Hepliaklqana
Kikubaaqudgha
Makhleb
Okawaru
Qazlal
Ru
Trog
Uskayaw
Vehumet
Wu Jian
Xom
Zin
The Shining One

Shops:
D:7 *

Portals:
Bailey: D:8

Annotations:
D:6 3 runed translucent doors, AttackTheMoon's ghost, novice DrMo


Message History

You block the wight's attack.
You slash the wight!
The wight is heavily damaged.
The wight barely misses you.
You barely miss the wight.
The wight is heavily damaged.
You block the wight's attack.
You hit the wight.
The wight is severely damaged.
The wight barely misses you.
You hit the wight.
The wight is almost destroyed.
The wight misses you.
You closely miss the wight.
The wight is almost destroyed.
The wight hits you with a +4 scimitar.
You closely miss the wight.
The wight is almost destroyed.
You slash the wight! The wight misses you.
The wight hits you with a +8 great sword!
You block the wight's attack.
You see here a +0 whip.
The wight hits you with a +4 scimitar! The wight hits you with a +4 scimitar!
You slice the wight!!
You destroy the wight!
Trog accepts your kill.
Your life force feels restored.
You completely miss the wight.
The wight is severely damaged.
The wight hits you with a +8 great sword!
* * * LOW HITPOINT WARNING * * *
You feel drained.
* * * LOW HITPOINT WARNING * * *
You feel better. You block the wight's attack.
Your skin crawls.
You feel strong-willed. The wight completely misses you.
The wight hits you with a +8 great sword!
You die...

...##....... ...........
#.≈≈≈≈≈... #.≈.>.≈..
####### #o{.z.≈.#
####.....# #.≈.zo≈.#
#))).)...# #.≈≈{≈≈.#
#)##)##### #....{..#
#@##.# #..###g.# #z##<#
##.####.## #.####
........####)#
########.....##########
#..............#
#########.....########.#
#......######## #.#
#......########### #.#


You could see a wight.

Vanquished Creatures
  Maggie (D:6)
  A hornet (D:7)
  Prince Ribbit (D:7)
  Sigmund (D:4)
  Edmund (D:6)
  A steam dragon (D:7)
  A water moccasin (D:7)
  Duvessa (D:6)
  A sky beast (D:5)
  A hornet zombie (D:7)
  A necrophage (D:6)
  An ogre (D:5)
  A centaur (D:7)
  A bullfrog (D:7)
  4 scorpions
  Dowan (D:6)
  2 wyvern skeletons (D:7)
  3 wights (D:8)
  2 hounds
  2 jellies
  Crazy Yiuf (D:2)
  An iguana (D:6)
  A centaur skeleton (D:7)
  A scorpion zombie (D:5)
  3 orc wizards (D:8)
  A killer bee zombie (D:5)
  6 adders
  A shadow imp (D:5)
  A white imp (D:7)
  An ufetubus (D:6)
  An adder skeleton (D:5)
  A dart slug (D:4)
  13 orcs
  3 bats
  7 endoplasms
  2 giant cockroaches
  9 goblins
  9 hobgoblins
  7 jackals
  2 quokkas
  9 ball pythons
  A frilled lizard (D:2)
  8 kobolds
  4 rats (D:1)
121 creatures vanquished.

Notes
Turn   | Place    | Note
-------+----------+-------------------------------------------
     0 | D:1      | iamoutofideas the Hill Orc Berserker began the quest for
                  | the Orb.
     0 | D:1      | Reached XP level 1. HP: 19/19 MP: 1/1
   308 | D:1      | Reached XP level 2. HP: 20/27 MP: 2/2
   686 | D:1      | Found a faded altar of an unknown god.
  1080 | D:2      | Reached skill level 5 in Axes
  1232 | D:2      | Found a runed translucent door.
  1233 | D:2      | Noticed Crazy Yiuf
  1274 | D:2      | Reached XP level 3. HP: 26/33 MP: 3/3
  1339 | D:2      | Killed Crazy Yiuf
  1340 | D:2      | Reached skill level 6 in Axes
  1340 | D:2      | Reached XP level 4. HP: 40/40 MP: 4/4
  1753 | D:2      | Reached ** piety under Trog
  2884 | D:3      | Reached skill level 7 in Axes
  3026 | D:4      | Found a staircase to the Ecumenical Temple.
  3048 | D:4      | Found an ornate altar of the Wu Jian Council.
  3088 | D:4      | Reached XP level 5. HP: 46/46 MP: 5/5
  3125 | D:4      | Noticed Sigmund
  3137 | D:4      | Killed Sigmund
  3138 | D:4      | Reached skill level 8 in Axes
  3138 | D:4      | Reached XP level 6. HP: 52/52 MP: 6/6
  3235 | D:4      | Reached skill level 9 in Axes
  3511 | Temple   | Entered the Ecumenical Temple
  3821 | D:5      | Entered Level 5 of the Dungeon
  4124 | D:5      | Reached skill level 10 in Axes
  4124 | D:5      | Reached XP level 7. HP: 58/58 MP: 7/7
  4135 | D:5      | Found a burning altar of Makhleb.
  4520 | D:5      | Reached skill level 11 in Axes
  4887 | D:5      | Found a bloodstained altar of Trog.
  5282 | D:6      | Found a hide-covered altar of Uskayaw.
  5488 | D:6      | Noticed Duvessa
  5489 | D:6      | Noticed Dowan
  5501 | D:6      | Killed Duvessa
  5502 | D:6      | Reached skill level 12 in Axes
  5502 | D:6      | Reached XP level 8. HP: 66/66 MP: 8/8
  5507 | D:6      | Killed Dowan
  5580 | D:6      | Noticed Edmund
  5595 | D:6      | Killed Edmund
  5676 | D:6      | Reached *** piety under Trog
  5677 | D:6      | Reached skill level 13 in Axes
  5789 | D:6      | Found a runed translucent gate.
  5789 | D:6      | Found a runed translucent gate.
  5789 | D:6      | Found a runed translucent gate.
  5789 | D:6      | Noticed AttackTheMoon's ghost (novice DrMo)
  6181 | D:6      | Noticed Maggie
  6212 | D:6      | Killed Maggie
  6213 | D:6      | Reached skill level 14 in Axes
  6721 | D:7      | Reached XP level 9. HP: 71/71 MP: 9/9
  6953 | D:7      | Found Waatiw's Overcharged Wands.
  6955 | D:7      | Noticed Prince Ribbit
  6966 | D:7      | Killed Prince Ribbit
  7031 | D:7      | Noticed a hornet
  7039 | D:7      | Killed a hornet
  7040 | D:7      | Reached skill level 15 in Axes
  7336 | D:7      | Identified a scroll of acquirement
  7342 | D:7      | Acquired the +0 pair of gloves of the Shrike {Harm Rampage
                  | Dex-4 Slay+5}
  7731 | D:8      | Found a stormy altar of Qazlal.
  7731 | D:8      | Found a shadowy altar of Dithmenos.
  7824 | D:8      | Reached skill level 5 in Fighting
  7892 | D:8      | Found a flagged portal.
  8046 | D:8      | HP: 3/71 [wight (3)]
  8048 | D:8      | Slain by a wight

Illustrated notes

Levels and vault maps discovered:
D:1:      dpeg_arrival_another_circle, layout_basic,
          shapermc_ecumenical_altar_petra
D:2:      layout_loops_ring, uniq_crazy_yiuf_cottage
D:3:      layout_loops_cross, minivault_23, small_statue_intersection,
          serial_bayou_pond_a
D:4:      layout_layer_cave, nicolae_wu_jian_immortal_techniques,
          minmay_temple_entry_crystal_x, uniq_sigmund
D:5:      layout_loops_cross, mainiacjoe_overflow_alcove_4,
          lightli_temple_of_fire, serial_bayou_pond_b
D:6:      layout_loops_ring, kennysheep_little_box,
          gammafunk_ghost_nasty_kobolds, uniq_maggie, uniq_edmund, uniq_duvessa
D:7:      layout_cave_pods, nicolae_shop_overcharged_wands, uniq_prince_ribbit1
D:8:      layout_basic, jmf_multi_god_temple, enter_bailey_5, special_room
          [special_room_orc], lemuel_flame_loot_1, uniq_erica
Temple:   minmay_temple_curvy_loop

Skill      XL: |  1  2  3  4  5  6  7  8  9 |
---------------+----------------------------+-----
Axes           | 5 6 7 8 10 12 14 15 | 15.7
Fighting       | 4 5 |  5.2
Armour         | 4 |  4.1
Dodging        | 2 |  2.7

Action                   |  1- 3 |  4- 6 |  7- 9 || total
-------------------------+-------+-------+-------++-------
Melee: Hand axe          |    44 |   161 |   215 ||   420
Invok: Berserk           |     1 |     2 |    13 ||    16
       Trog's Hand       |       |       |     3 ||     3
Evoke: Wand              |       |       |     6 ||     6
  Use: Scroll            |       |     3 |    11 ||    14
       Potion            |       |       |    10 ||    10
Armor: Animal skin       |    13 |    15 |       ||    28
       Ring mail         |       |    33 |    18 ||    51
       Skin              |       |       |     9 ||     9
       Steam dragon scal |       |       |    33 ||    33
Dodge: Dodged            |    23 |    88 |    92 ||   203
Block: Other             |       |       |    13 ||    13

Table legend: (Time is in decaauts)
 A = Elapsed time spent in this place.
 B = Non-inter-level travel time spent in this place.
 C = Inter-level travel time spent in this place.
 D = Time resting spent in this place.
 E = Time spent auto-exploring this place.
 F = Levels seen in this place.
 G = Mean time per level.
                   A        B        C        D        E       F      G
               +--------+--------+--------+--------+--------+-----+--------+
         Total |   8108 |   7842 |    266 |   1063 |   5786 |   9 |  900.9 |
       Dungeon |   7879 |   7638 |    241 |   1063 |   5585 |   8 |  984.9 |
        Temple |    228 |    204 |     24 |      0 |    201 |   1 |  228.0 |
               +--------+--------+--------+--------+--------+-----+--------+

Top non-repeatable levels by time:
     D:6: 1442 daAuts
     D:5: 1382 daAuts
     D:2: 1196 daAuts
     D:7: 1178 daAuts
     D:1: 1060 daAuts
     D:3: 725 daAuts
     D:4: 630 daAuts
     D:8: 263 daAuts
  Temple: 228 daAuts
